 Dungeon Crawl Stone Soup version 0.31-a0-726-g3c93526463 (webtiles) character file.

Game seed: 10339355722485620773

289 Revguard the Trooper (level 6, 0/48 HPs)
             Began as a Demonspawn Fighter on Sept 11, 2023.
             Engulfed by a steam dragon's steam (6 damage)
             ... on level 4 of the Dungeon.
             The game lasted 00:08:44 (2896 turns).

Revguard the Trooper (Demonspawn Fighter)           Turns: 2896, Time: 00:08:44

Health: 0/48       AC:  9    Str: 19    XL:     6   Next: 9%
Magic:  7/7        EV:  9    Int:  9    God:
Gold:   302        SH:  4    Dex: 12    Spells: 5/5 levels left

rFire   . . .        a - +0 war axe
rCold   . . .        c - +0 buckler
rNeg    . . .        b - +0 scale mail
rPois   .            q - +0 helmet
rElec   .            (no cloak)
rCorr   .            s - +0 pair of gloves
SInv    .            (no boots)
Will    +....        (no amulet) Stlth
                     i - ring of willpower
HPRegen 0.28/turn    (no ring)
MPRegen 0.10/turn

%: no passive effects
@: no status effects
A: hooves 1, condensation shield
a: no special abilities


You were on level 4 of the Dungeon.
You visited 1 branch of the dungeon, and saw 4 of its levels.

You collected 302 gold pieces.

Inventory:

Hand Weapons
 a - a +0 war axe (weapon)
Missiles
 j - a throwing net
Armour
 b - a +0 scale mail (worn)
 c - a +0 buckler (worn)
 q - a +0 helmet (worn)
 s - a +0 pair of gloves (worn)
Jewellery
 i - a ring of willpower (left hand)
 n - a ring of magical power
Scrolls
 e - a scroll of noise {unknown}
 h - a scroll of blinking {unknown}
 k - 2 scrolls of vulnerability {unknown}
 l - a scroll of poison {unknown}
 o - 3 scrolls of identify {unknown}
 p - a scroll of fog {unknown}
 r - a scroll of torment {unknown}
Potions
 f - 2 potions of curing
 m - a potion of lignification {unknown}


   Skills:
 * Level 4.2 Fighting
 + Level 2.5 Axes
 + Level 3.1 Armour
 + Level 1.4 Dodging
 * Level 3.7 Shields
 + Level 2.2 Invocations
 + Level 1.8 Evocations


You had 5 spell levels left.
You didn't know any spells.
Your spell library contained the following spells:

 Spells                   Type           Power      Damage    Failure   Level
 Cigotuvi's Dreadful Rot  Necr/Pois/Air  0%         N/A       92%         2
 Dazzling Flash           Conj/Hex       0%         N/A       99%         3
 Hailstorm                Conj/Ice       0%         3d3       99%         3
 Ignite Poison            Fire/Tmut/Pois 0%         N/A       99%         3
 Volatile Blastmotes      Fire/Tloc      0%         2d10      99%         3
 Dispel Undead            Necr           0%         3d6       100%        4
 Summon Ice Beast         Ice/Summ       0%         N/A       100%        4
 Freezing Cloud           Conj/Ice/Air   0%         6-21      100%        5
 Death Channel            Necr           0%         N/A       100%        6
 Simulacrum               Ice/Necr       0%         N/A       100%        6
 Starburst                Conj/Fire      0%         6d3       100%        6
 Maxwell's Capacitive Co  Air            0%         ∞         100%        8


Dungeon Overview and Level Annotations

Branches:
Dungeon (4/15)
 Temple: D:4-7

Altars:


Innate Abilities, Weirdness & Mutations

You have large cloven feet.
A meltable shield of frost defends you. (SH +0)


Message History

You feel much better.
You are engulfed in a cloud of scalding steam.
The steam dragon barely misses you.
The steam dragon claws you but does no damage.
You hit the steam dragon.
You kick the steam dragon, but do no damage.
The steam dragon is moderately wounded.
You are engulfed in a cloud of scalding steam.
The steam dragon bites you.
The steam dragon claws you but does no damage.
You slash the steam dragon! Your kick misses the steam dragon.
The steam dragon is severely wounded.
The steam dragon bites you.
The steam dragon claws you but does no damage.
The steam dragon bites you. The steam dragon claws you.
You hit the steam dragon but do no damage.
Your kick misses the steam dragon.
The steam dragon is severely wounded.
The steam dragon barely misses you. You block the steam dragon's attack.
You slash the steam dragon! Your kick misses the steam dragon.
The steam dragon is almost dead.
The steam dragon bites you. You block the steam dragon's attack.
You hit the steam dragon but do no damage.
The steam dragon is almost dead.
The steam dragon breathes steam at you. The ball of steam hits you!
* * * LOW HITPOINT WARNING * * *
The steam dragon bites you.
* * * LOW HITPOINT WARNING * * *
The steam dragon closely misses you.
You barely miss the steam dragon. You kick the steam dragon.
The steam dragon is almost dead.
You are engulfed in a cloud of scalding steam.
The steam dragon breathes steam at you. The ball of steam misses you.
You hit the steam dragon but do no damage.
Your kick misses the steam dragon.
The steam dragon is almost dead.
You are engulfed in a cloud of scalding steam.
You die...

#.# #.# #
########.# #
.........##
####
#######.#.##
....
##.###.####
### #.#
##...# #
##.###§##.#
#§#@## #
#.D## #.##
#.# #.# ...
.#. #. .# ##
##


You could see a steam dragon (catching breath).

Vanquished Creatures
  An ogre (D:4)
  A hound (D:4)
  Jessica (D:2)
  Robin (D:3)
  4 gnolls (D:3)
  4 adders
  A worm (D:2)
  2 bats
  4 endoplasms
  15 goblins
  9 hobgoblins
  3 jackals (D:4)
  9 kobolds
  2 quokkas
  6 ball pythons
  4 rats
67 creatures vanquished.

Notes
Turn   | Place    | Note
-------+----------+-------------------------------------------
     0 | D:1      | Revguard the Demonspawn Fighter began the quest for the
                  | Orb.
     0 | D:1      | Reached XP level 1. HP: 18/18 MP: 1/1
   593 | D:1      | Gained mutation: A meltable shield of frost defends you.
                  | (SH +0) [demonic ancestry]
   593 | D:1      | Reached XP level 2. HP: 24/24 MP: 2/2
  1105 | D:2      | Reached skill level 1 in Invocations
  1126 | D:2      | Gained mutation: You have large cloven feet. [demonic
                  | ancestry]
  1126 | D:2      | Reached XP level 3. HP: 29/29 MP: 3/3
  1161 | D:2      | Noticed Jessica
  1175 | D:2      | Killed Jessica
  1592 | D:3      | Reached skill level 1 in Evocations
  1592 | D:3      | Reached XP level 4. HP: 27/35 MP: 4/4
  1871 | D:3      | Reached skill level 1 in Dodging
  2129 | D:3      | Noticed Robin
  2140 | D:3      | Reached XP level 5. HP: 7/42 MP: 6/6
  2145 | D:3      | Killed Robin
  2779 | D:4      | Noticed an ogre
  2785 | D:4      | Killed an ogre
  2786 | D:4      | Reached skill level 4 in Fighting
  2814 | D:4      | Reached XP level 6. HP: 48/48 MP: 7/7
  2876 | D:4      | Noticed a steam dragon
  2896 | D:4      | Engulfed by a steam dragon's steam

Illustrated notes

Levels and vault maps discovered:
D:1:      tarquinn_simple_flora_water_a, layout_basic, serial_glass,
          glass_columns_b, glass_columns_c, nicolae_hexahallways, minivault_19
D:2:      layout_loops_corners, minmay_randomly_rotated_circles, uniq_jessica
D:3:      layout_loops_cross, hangedman_glass_teeth,
          chequers_serial_rivers_micro_c, uniq_robin
D:4:      layout_loops_ring

Skill      XL: |  1  2  3  4  5 |
---------------+----------------+-----
Axes           | 2 |  2.5
Invocations    | 1 2 |  2.2
Shields        | 3 |  3.7
Evocations     | 1 |  1.8
Armour         | 3 |  3.1
Dodging        | 1 |  1.4
Fighting       | 4 |  4.2

Action                     |  1- 3 |  4- 6 || total
---------------------------+-------+-------++-------
  Melee: War axe           |    62 |   101 ||   163
         Kick              |     4 |    18 ||    22
    Use: Scroll            |     1 |     1 ||     2
         Potion            |       |     7 ||     7
 Armour: Scale mail        |    37 |   100 ||   137
  Dodge: Dodged            |    18 |    39 ||    57
  Block: Buckler           |    33 |    46 ||    79

Table legend: (Time is in decaauts)
 A = Elapsed time spent in this place.
 B = Non-inter-level travel time spent in this place.
 C = Inter-level travel time spent in this place.
 D = Time resting spent in this place.
 E = Time spent auto-exploring this place.
 F = Levels seen in this place.
 G = Mean time per level.
                   A        B        C        D        E       F      G
               +--------+--------+--------+--------+--------+-----+--------+
         Total |   2963 |   2900 |     63 |     96 |   2228 |   4 |  740.8 |
       Dungeon |   2963 |   2900 |     63 |     96 |   2228 |   4 |  740.8 |
               +--------+--------+--------+--------+--------+-----+--------+

Top non-repeatable levels by time:
     D:3: 1004 daAuts
     D:2: 809 daAuts
     D:1: 796 daAuts
     D:4: 354 daAuts
